 Dungeon Crawl Stone Soup version 0.28.0-47-ge53b351184 (webtiles) character file.

Game seed: 11792577430273605584

91 bobregger the Cudgeller (level 4, -7/72 HPs)
             Began as an Ogre Berserker on May 4, 2022.
             Was a Follower of Trog.
             Killed from afar by Natasha (10 damage)
             ... with a magic dart
             ... on level 2 of the Dungeon.
             The game lasted 00:01:10 (2102 turns).

bobregger the Cudgeller (Ogre Berserker)            Turns: 2102, Time: 00:01:11

Health: -7/72      AC:  3    Str: 21    XL:     4   Next: 57%
Magic:  4/4        EV: 10    Int:  8    God:    Trog [*.....]
Gold:   54         SH:  0    Dex: 10    Spells: 3/3 levels left

rFire   . . .      SeeInvis .   a - +0 mace
rCold   . . .      Faith    .   (no shield)
rNeg    . . .      Spirit   .   b - +0 animal skin
rPois   .          Reflect  .   (helmet restricted)
rElec   .          Harm     .   (no cloak)
rCorr   .          Rampage  .   (gloves unavailable)
Will    .....                   (boots unavailable)
Stlth   ..........              (no amulet)
HPRegen 0.22/turn               (no ring)
MPRegen 0.09/turn               (no ring)

@: berserking, slowed
A: large, unfitting armour, tough skin 1
a: Renounce Religion, Berserk


You were on level 2 of the Dungeon.
You worshipped Trog.
Trog was aware of your devotion.
You visited 1 branch of the dungeon, and saw 2 of its levels.

You collected 54 gold pieces.

Inventory:

Hand Weapons
 a - a +0 mace (weapon)
Missiles
 f - a throwing net (quivered)
Armour
 b - a +0 animal skin (worn)
Scrolls
 c - a scroll of identify {unknown}
 e - a scroll of magic mapping {unknown}
 i - a scroll of blinking {unknown}
Potions
 d - 3 potions of curing {unknown}
 g - a potion of flight {unknown}
 h - a potion of mutation {unknown}


   Skills:
 - Level 4.0 Fighting
 + Level 4.7 Maces & Flails
 - Level 2.6 Dodging


You had 3 spell levels left.
You didn't know any spells.
Your spell library was empty.

Dungeon Overview and Level Annotations

Branches:
Dungeon (2/15)

Altars:

Annotations:
D:2 Natasha


Innate Abilities, Weirdness & Mutations

You are too large for most types of armour.
You have tough skin. (AC +1)


Message History

You feel yourself slow down.
You closely miss Natasha.
Natasha is lightly wounded.
Natasha barely misses you.
You closely miss Natasha.
Natasha is lightly wounded.
Natasha stares at you and mumbles some strange words.
The magic dart hits you!
Natasha stares at you and mumbles some strange words.
The magic dart hits you!
You miss Natasha.
Natasha is lightly wounded.
Natasha claws you. Natasha claws you!
You hit Natasha.
Natasha is moderately wounded.
Natasha casts a spell at you. The magic dart hits you!
* * * LOW HITPOINT WARNING * * *
Natasha growls.
Natasha mumbles some strange words.
Okay, then.
A red film seems to cover your vision as you go berserk!
You feel yourself moving faster!
You feel mighty!
Natasha wildly gestures.
Natasha glows brightly for a moment.
Natasha claws you.
* * * LOW HITPOINT WARNING * * *
You barely miss Natasha.
Natasha is moderately wounded.
Natasha stares at you and mumbles some strange words.
The magic dart hits you.
* * * LOW HITPOINT WARNING * * *
The shadow imp grins evilly.
The shadow imp hits you.
* * * LOW HITPOINT WARNING * * *
You hit Natasha but do no damage.
Natasha is moderately wounded.
Natasha casts a spell at you. The magic dart hits you!
You die...

#.. ####.##### #.# ...## ##....#
#.# ..........#..#..# #.####
#.........#.#..## #.....
#.........#.#.## #.####
#.........#..<####### ###
#...................#
#............5......# #####
####...........h@......# #....
#......................# ###....
.......................# ##......
.#####.##..#..#.....######....###
.#####.##.##.######...........#
.[..##.##.##.# ##..#####...## #
.##....##.##.# #.......#.#.# ##
.##..........## #.#####.#.#.###.
#........##[..####.# ##...#.#...


You could see Natasha and a shadow imp (summoned).

Vanquished Creatures
  Natasha (twice) (D:2)
  An adder (D:2)
  2 dart slugs (D:1)
  7 endoplasms
  A giant cockroach (D:2)
  2 hobgoblins (D:1)
  3 kobolds
  2 quokkas (D:2)
  4 ball pythons
  2 frilled lizards
  2 rats
28 creatures vanquished.

Notes
Turn   | Place    | Note
-------+----------+-------------------------------------------
     0 | D:1      | bobregger the Ogre Berserker began the quest for the Orb.
     0 | D:1      | Reached XP level 1. HP: 24/24 MP: 1/1
   605 | D:1      | Reached XP level 2. HP: 32/32 MP: 2/2
  1345 | D:2      | Found a faded altar of an unknown god.
  1422 | D:2      | Reached XP level 3. HP: 35/39 MP: 3/3
  1600 | D:2      | Noticed Natasha
  1630 | D:2      | Killed Natasha
  1631 | D:2      | Reached XP level 4. HP: 47/48 MP: 4/4
  1881 | D:2      | Noticed Natasha
  1899 | D:2      | Killed Natasha
  2090 | D:2      | Noticed Natasha
  2101 | D:2      | HP: 3/72 [shadow imp[Natasha] (5)]
  2102 | D:2      | Killed from afar by Natasha

Illustrated notes

Levels and vault maps discovered:
D:1:      eino_arrival_cavern_b, layout_loops_corners
D:2:      layout_rooms, chequers_ecumenical_altar_simple, serial_shops,
          nicolae_shop_hallway_plus, uniq_natasha

Skill      XL: |  1  2  3 |
---------------+----------+-----
Maces & Flails | 3 4 |  4.7
Fighting       | |  4.0
Dodging        | |  2.6

Action                   |  1- 3 |  4- 6 || total
-------------------------+-------+-------++-------
Melee: Mace              |    70 |    24 ||    94
Invok: Berserk           |     1 |     1 ||     2
Armor: Animal skin       |    23 |     4 ||    27
Dodge: Dodged            |    24 |     5 ||    29
